 Seeded DCSS version 0.27-a0-1228-gfd60fd639a (webtiles) character file.

Game seed: 49 (custom seed)

2 Snicker the Chopper (level 1, 18/18 HPs)
             Began as a Minotaur Gladiator on June 8, 2021.
             Got out of the dungeon alive.
             The game lasted 00:00:22 (100 turns).

Snicker the Chopper (Minotaur Gladiator)             Turns: 100, Time: 00:00:22

Health: 18/18      AC:  3    Str: 18    XL:     1   Next: 33%
Magic:  0/0        EV: 12    Int:  5    God:
Gold:   0          SH:  0    Dex: 11    Spells: 0/0 levels left

rFire    . . .     SeeInvis .   a - +0 war axe
rCold    . . .     Faith    .   (no shield)
rNeg     . . .     Spirit   .   b - +0 leather armour
rPois    .         Reflect  .   c - +0 hat
rElec    .         Harm     .   (no cloak)
rCorr    .         Rampage  .   (no gloves)
Will     .....                  (no boots)
Stlth    +.........             (no amulet)
HPRegen  0.06/turn              (no ring)
MPRegen  0.07/turn              (no ring)

@: no status effects
A: horns 2, retaliatory headbutt
a: no special abilities


You escaped.
You visited 1 branch of the dungeon, and saw 1 of its levels.

Inventory:

Hand Weapons
 a - a +0 war axe (weapon)
Missiles
 d - 3 throwing nets (quivered)
Armour
 b - a +0 leather armour (worn)
 c - a +0 hat (worn)
Scrolls
 e - a scroll of acquirement


   Skills:
 + Level 2.4 Fighting
 + Level 3.7 Axes
 + Level 2.0 Throwing
 + Level 3.3 Dodging


You couldn't memorise any spells.
You didn't know any spells.
Your spell library was empty.

Dungeon Overview and Level Annotations

Branches:
Dungeon (1/15)

Altars:


Innate Abilities, Weirdness & Mutations

You have a pair of horns on your head.
You reflexively headbutt those who attack you in melee.


Message History

You enter the shallow water.
Moving in this stuff is going to be slow.
You open the door.
There is an open door here.
There is an open door here.
You enter the shallow water.
Moving in this stuff is going to be slow.
A goblin comes into view. It is wielding a +0 dagger of draining.
The goblin shouts!
A goblin is nearby!
The goblin misses you. You furiously retaliate!
You headbutt the goblin.
Your leather armour prevents you from hitting the goblin.
The goblin is severely wounded.
The goblin barely misses you.
You closely miss the goblin. Your headbutt misses the goblin.
The goblin is severely wounded.
The goblin misses you. You furiously retaliate!
You headbutt the goblin.
You kill the goblin!
Things that are here:
a +0 dagger of draining; a goblin corpse A bat comes into view.
A bat is nearby!
The bat hits you but does no damage. The bat closely misses you.
The bat closely misses you. The bat hits you but does no damage.
You closely miss the bat. The bat barely misses you. You furiously retaliate!
You headbutt the bat. The bat hits you but does no damage.
The bat barely misses you. The bat hits you. The bat closely misses you.
You closely miss the bat. You headbutt the bat.
You kill the bat!
You see here a bat corpse.
e - a scroll labelled COPPATHRUARI This is a scroll of acquirement!
You enter the shallow water.
Moving in this stuff is going to be slow.
There is an open door here.
There is a staircase leading out of the dungeon here.
Are you sure you want to leave the Dungeon?
This will make you lose the game!
You have escaped!

#. #. ### #.♣.. ♣≈≈≈♣
≈≈≈♣ ###♣≈≈###
#.##≈##.# #..'≈'..#
#@##≈##.# ###♣≈♣### #
♣≈≈≈♣ .. #♣≈≈≈♣#
#..##...#.# #
#.........#########.
#.
##.###....#..........
##.#
.........###.........
#...
#......#####.#######


There were no monsters in sight!

Vanquished Creatures
  A bat (D:1)
  A goblin (D:1)
2 creatures vanquished.

Notes
Turn   | Place    | Note
-------+----------+-------------------------------------------
     0 | D:1      | Snicker the Minotaur Gladiator began the quest for the Orb.
     0 | D:1      | Reached XP level 1. HP: 18/18 MP: 0/0
    75 | D:1      | Identified a scroll of acquirement
   100 | D:$      | Got out of the dungeon alive.

Illustrated notes

Levels and vault maps discovered:
D:1:      sevenhm_arrival_forest_fort_small_4, layout_loops_ring

Action                   || total
-------------------------++-------
Melee: War axe           ||     4
       Headbutt          ||     1
Armor: Leather armour    ||     3
Dodge: Dodged            ||     8

Table legend: (Time is in decaauts)
 A = Elapsed time spent in this place.
 B = Non-inter-level travel time spent in this place.
 C = Inter-level travel time spent in this place.
 D = Time resting spent in this place.
 E = Time spent auto-exploring this place.
 F = Levels seen in this place.
 G = Mean time per level.
                   A        B        C        D        E       F      G
               +--------+--------+--------+--------+--------+-----+--------+
         Total |    107 |     81 |     26 |      0 |     55 |   1 |  107.0 |
       Dungeon |    107 |     81 |     26 |      0 |     55 |   1 |  107.0 |
               +--------+--------+--------+--------+--------+-----+--------+

Top non-repeatable levels by time:
     D:1: 107 daAuts
